 Dungeon Crawl Stone Soup version 0.31.0 (webtiles) character file.

Game seed: 3960048231151066493

81 Sobieck the Shooter (level 4, 0/33 HPs)
             Began as a Mummy Hunter on Jan 19, 2024.
             Incinerated by a bombardier beetle (5 damage)
             ... with a burning spray
             ... on level 1 of the Dungeon.
             The game lasted 00:02:23 (1135 turns).

Sobieck the Shooter (Mummy Hunter)                  Turns: 1135, Time: 00:02:23

Health: 0/33       AC:  3    Str: 14    XL:     4   Next: 20%
Magic:  4/4        EV: 11    Int: 11    God:
Gold:   84         SH:  0    Dex: 17    Spells: 3/3 levels left

rFire   . . .        a - +0 shortbow
rCold   + . .        (shield currently unavailable)
rNeg    + + +        g - +0 leather armour of Agatoug {Rampage rF+ Int+3}
rPois   ∞            (no helmet)
rElec   .            (no cloak)
rCorr   .            (no gloves)
SInv    .            (no boots)
Will    .....        (no amulet)
Stlth   +            (no ring)
HPRegen 0.25/turn    (no ring)
MPRegen 0.09/turn

%: rampage, faith
@: on fire, glowing
A: cold resistance 1, negative energy resistance 3, torment resistance 2, heat
vulnerability 1, in touch with death 1, no potions, faith
a: no special abilities


You were on level 1 of the Dungeon.
You visited 1 branch of the dungeon, and saw 2 of its levels.

You collected 84 gold pieces.

Inventory:

Hand Weapons
 a - a +0 shortbow (weapon)
Armour
 c - a +0 leather armour
 g - the +0 leather armour of Agatoug (worn) {Rampage rF+ Int+3}
   (You found it on level 2 of the Dungeon)

   Int+3:     It affects your intelligence (+3).
   rF+:       It protects you from fire.
   Rampage:   It bestows one free step when moving towards enemies.
Scrolls
 d - a scroll of fear {unknown}
 e - a scroll of vulnerability {unknown}
 f - a scroll of fog {unknown}
 h - a scroll of amnesia {unknown}


   Skills:
 - Level 2.0 Fighting
 + Level 4.7 Ranged Weapons
 - Level 1.5 Dodging
 - Level 0.7 Stealth


You had 3 spell levels left.
You didn't know any spells.
Your spell library contained the following spells:

 Spells                   Type           Power      Damage    Failure   Level
 Call Canine Familiar     Summ           0%         N/A       80%         3
 Sigil of Binding         Hex            0%         N/A       80%         3
 Dimensional Bullseye     Hex/Tloc       0%         N/A       99%         4


Dungeon Overview and Level Annotations

Branches:
Dungeon (2/15)

Altars:


Innate Abilities, Weirdness & Mutations

You are immune to poison.
Your flesh is cold resistant. (rC+)
You are immune to negative energy. (rN+++)
You are immune to unholy pain and torment.
You are vulnerable to heat. (rF-)
You are in touch with the powers of death.
You do not drink.
You have a special connection with the divine. (Faith)


Message History

The arrow hits the giant cockroach.
The giant cockroach is severely wounded.
The quokka closely misses you. x2
You shoot an arrow. The arrow hits the quokka.
The quokka is almost dead.
The quokka misses you.
You shoot an arrow. The arrow hits the quokka!
You kill the quokka!
The giant cockroach completely misses you.
You shoot an arrow.
The arrow barely misses the giant cockroach.
The arrow hits the bombardier beetle but does no damage.
The bombardier beetle is lightly wounded.
The giant cockroach barely misses you.
You shoot an arrow. The arrow hits the giant cockroach!
You kill the giant cockroach!
You shoot an arrow. The arrow hits the bombardier beetle.
The bombardier beetle is lightly wounded.
The bombardier beetle sprays incendiary fluid at you.
The burning spray hits you.
You are covered in liquid fire!
You shoot an arrow.
The arrow closely misses the bombardier beetle.
The liquid fire burns you!
You shoot an arrow. The arrow hits the bombardier beetle.
The bombardier beetle is moderately wounded.
The liquid fire burns you! The bombardier beetle bites you.
Unknown command.
You shoot an arrow. The arrow hits the bombardier beetle.
The bombardier beetle is heavily wounded.
The liquid fire burns you! The bombardier beetle bites you.
You shoot an arrow.
The arrow hits the bombardier beetle but does no damage.
The bombardier beetle is heavily wounded.
The liquid fire burns you!
The bombardier beetle sprays incendiary fluid at you.
The burning spray hits you.
You are even more covered in liquid fire!
Unknown command.
You shoot an arrow.
The arrow barely misses the bombardier beetle.
The liquid fire burns you!
* * * LOW HITPOINT WARNING * * *
Unknown command.
You shoot an arrow. The arrow hits the bombardier beetle.
The bombardier beetle is severely wounded.
The liquid fire burns you!
You die...

.#.....# ####..## #.....#
.###..## ##..###.....#
.###..#### ##.#.......#
......##.# #...#.....#
.###.....#######>.#######
(.....##.........##
####.....#######.#
####..##.# #B# .........#
#@# ..##(.#### #.#
#.##!.# ### #.##..####
#........# #..#...###
.....#.# #....#.#####
#.##.#.....#


You could see a bombardier beetle.

Vanquished Creatures
  Natasha (D:1)
  2 gnolls
  2 dart slugs (D:1)
  A ribbon worm (D:2)
  An orc (D:1)
  A ball python (D:1)
  2 endoplasms (D:1)
  4 giant cockroaches
  A goblin (D:2)
  2 hobgoblins
  3 quokkas
  4 bats
  A frilled lizard (D:1)
  5 rats
30 creatures vanquished.

Notes
Turn   | Place    | Note
-------+----------+-------------------------------------------
     0 | D:1      | Sobieck the Mummy Hunter began the quest for the Orb.
     0 | D:1      | Reached XP level 1. HP: 16/16 MP: 1/1
   369 | D:1      | Reached XP level 2. HP: 15/22 MP: 2/2
   709 | D:2      | Reached skill level 4 in Ranged Weapons
   756 | D:1      | Reached XP level 3. HP: 14/27 MP: 3/3
   836 | D:2      | Identified the +0 leather armour of Agatoug {Rampage rF+
                  | Int+3}
   924 | D:2      | Noticed Natasha
  1002 | D:1      | Killed Natasha
  1003 | D:1      | Reached XP level 4. HP: 5/33 MP: 4/4
  1135 | D:1      | Incinerated by a bombardier beetle

Illustrated notes

Levels and vault maps discovered:
D:1:      orjb1_lava_funnel, layout_basic
D:2:      layout_loops_ring, basic_altar, st_stairs_9, grunt_ministairs_15,
          minmay_crystal_water, minmay_3d_cube, uniq_natasha

Skill      XL: |  1  2 |
---------------+-------+-----
Ranged Weapons | 4 |  4.7
Fighting       | |  2.0
Dodging        | |  1.5
Stealth        | |  0.7

Action                     |  1- 3 |  4- 6 || total
---------------------------+-------+-------++-------
   Fire: Shortbow          |   104 |    13 ||   117
    Use: Scroll            |     1 |       ||     1
 Armour: Leather armour    |    43 |     4 ||    47
  Dodge: Dodged            |    58 |     9 ||    67
